Map: 애씨드 플랜트 - 래더

Players

Lambo

  • Race: Zerg Zerg
  • League: Master
  • Spawn Location: 11:00

Zest - Winner!

  • Race: Protoss Protoss
  • League: Master
  • Spawn Location: 5:00

Event: HomeStory Cup XVII

VOD

Have the link to the VOD?

Description

Time

  • Played on: June 28, 2018, 7:52 a.m.
  • Length: 13:04

All games in this series

Show
View Real Time Build Order
Export as new Build Order

Lambo Zerg 

Build Orders: Hatch First, Roach Hydra 

Get SALT Encoding   

  12  0:00  Drone  
  13  0:12  Overlord  
  13  0:17  Drone  
  14  0:30  Drone x2  
  16  0:48  Hatchery  
  15  0:51  Drone  
  15  0:55  Drone  
  17  0:58  Drone  
  18  1:09  Extractor  
  17  1:13  Spawning Pool  
  17  1:17  Drone  
  17  1:19  Drone  
  18  1:28  Drone  
  19  1:39  Drone  
  20  1:50  Overlord  
  20  2:01  Queen x2  
  20  2:02  Zergling x4  
  26  2:11  Metabolic Boost  
  26  2:13  Drone x2  
  28  2:24  Drone x2  
  30  2:37  Hatchery  
  30  2:40  Drone  
  30  2:43  Drone  
  31  2:48  Overlord  
  31  2:49  Drone  
  32  2:54  Drone  
  32  2:57  Drone  
  34  3:01  Queen  
  36  3:10  Drone x2  
  36  3:12  Drone x3  
  41  3:16  Overlord  
  41  3:20  Overlord  
  41  3:22  Drone  
  41  3:26  Drone x2  
  44  3:38  Queen  
  44  3:40  Drone  
  47  3:42  Spore Crawler, Drone x2  
  47  3:45  Drone  
  47  3:47  Drone x2  
  51  3:52  Spore Crawler, Queen  
  51  3:55  Overlord  
  52  3:59  Drone  
  52  4:01  Drone x2  
  55  4:08  Drone x2  
  56  4:12  Drone x2  
  56  4:14  Drone  
  59  4:17  Drone x2  
  59  4:21  Lair  
  59  4:23  Drone, Extractor x2  
  60  4:28  Roach Warren  
  60  4:31  Drone x2  
  60  4:33  Overlord  
  60  4:35  Drone  
  62  4:40  Drone x2  
  62  4:41  Drone  
  62  4:43  Overlord  
  64  4:48  Drone  
  64  4:49  Overlord  
  65  4:54  Zergling x4, Drone x2  
  65  4:56  Overlord, Drone  
  65  4:57  Drone  
  70  5:00  Drone  
  70  5:02  Evolution Chamber  
  70  5:06  Extractor  
  70  5:07  Extractor  
  68  5:08  Drone x2  
  68  5:09  Drone  
  68  5:13  Drone x2  
  73  5:17  Overlord  
  73  5:18  Roach x2  
  77  5:21  Glial Reconstitution  
  77  5:25  Roach x5  
  77  5:28  Roach x2  
  91  5:33  Hydralisk Den  
  91  5:34  Roach  
  92  5:36  Overlord  
  92  5:38  Extractor  
  91  5:45  Drone x5  
  91  5:48  Drone x2  
  91  5:49  Spore Crawler  
  97  5:51  Drone x2  
  97  5:54  Spore Crawler  
  100  5:57  Drone x6  
  100  6:00  Spore Crawler  
  99  6:05  Drone x3  
  99  6:07  Grooved Spines  
  100  6:13  Hydralisk  
  98  6:18  Hydralisk  
  98  6:21  Overlord  
  98  6:25  Spore Crawler, Overlord, Hatchery  
  92  6:28  Hydralisk x2  
  92  6:29  Zerg Missile Weapons Level 1  
  92  6:31  Hydralisk  
  90  6:33  Hydralisk  
  90  6:37  Overlord  
  90  6:38  Hydralisk  
  94  6:42  Queen  
  94  6:44  Hydralisk x2  
  100  6:50  Hydralisk x2  
  100  6:53  Hydralisk  
  103  6:59  Hydralisk x2  
  105  7:03  Hydralisk  
  105  7:04  Hydralisk  
  105  7:08  Hydralisk x2  
  107  7:11  Queen  
  107  7:13  Hydralisk  
  111  7:18  Hydralisk x2  
  113  7:25  Hydralisk x3  
  119  7:31  Hydralisk x2  
  119  7:34  Muscular Augments  
  123  7:41  Drone x3  
  123  7:44  Hydralisk x3  
  126  7:49  Hydralisk x2  
  136  7:57  Overlord x3  
  136  7:58  Overlord  
  136  8:05  Overlord  
  136  8:10  Overlord  
  136  8:13  Overlord x2  
  136  8:17  Hydralisk x2  
  139  8:20  Hydralisk  
  139  8:25  Hydralisk x2  
  145  8:27  Roach  
  145  8:28  Roach  
  145  8:30  Hydralisk  
  151  8:34  Hydralisk x2  
  151  8:38  Hydralisk  
  156  8:41  Hydralisk x2  
  156  8:47  Hydralisk  
  156  8:48  Hydralisk x3  
  162  8:58  Hydralisk x2  
  146  9:02  Hydralisk  
  146  9:03  Zergling x16  
  146  9:09  Pneumatized Carapace  
  141  9:12  Hydralisk  
  141  9:15  Hydralisk x2  
  141  9:16  Hydralisk, Zergling x4  
  125  9:18  Roach  
  125  9:21  Hydralisk  
  129  9:25  Hydralisk  
  129  9:26  Hydralisk  
  129  9:28  Hydralisk  
  129  9:32  Hydralisk  
  129  9:37  Hydralisk x2  
  129  9:39  Queen  
  129  9:40  Roach  
  129  9:42  Hydralisk  
  135  9:46  Hydralisk x2  
  135  9:49  Zergling x2  
  139  9:53  Hydralisk  
  139  9:55  Hydralisk  
  139  9:57  Zergling x6  
  143  10:00  Hydralisk  
  143  10:03  Hydralisk  
  143  10:06  Hydralisk, Queen  
  149  10:09  Zergling x4  
  153  10:16  Hydralisk, Ravager  
  153  10:21  Hydralisk x2  
  142  10:31  Hydralisk x2  
  142  10:35  Hydralisk  
  118  10:37  Zergling x12  
  118  10:39  Queen x3  
  128  10:44  Queen  
  128  10:46  Zergling x4  
  132  10:51  Roach  
  132  10:56  Roach x2  
  138  10:58  Hydralisk x2  
  138  11:01  Hydralisk  
  138  11:04  Hydralisk  
  143  11:07  Hydralisk  
  147  11:12  Hydralisk  
  147  11:13  Roach  
  147  11:14  Queen  
  153  11:19  Overlord  
  153  11:21  Hydralisk x2  
  150  11:26  Hydralisk  
  150  11:30  Hydralisk  
  138  11:33  Zergling x18  
  138  11:35  Hydralisk  
  138  11:38  Hydralisk  
  148  11:43  Hydralisk  
  148  11:46  Hydralisk  
  148  11:47  Hydralisk  
  150  11:52  Hydralisk  
  151  11:55  Hydralisk  
  151  11:56  Zergling x6  
  151  11:58  Hydralisk  
  151  11:59  Zergling x6  
  153  12:06  Hydralisk  
  153  12:11  Hydralisk  
  153  12:15  Hydralisk  
  149  12:18  Hydralisk  
  149  12:21  Hydralisk  
  149  12:22  Overlord  
  155  12:23  Zergling x12  
  162  12:30  Zergling x4  
  162  12:33  Hydralisk x2  
  160  12:37  Hydralisk  
Show
View Real Time Build Order
Export as new Build Order

Zest Protoss - Winner!

Build Orders: 1 Gate Expand, Oracle Opening, Phoenix Opening, Chargelot Immortal, Mass Phoenix 

Get SALT Encoding   

  12  0:00  Probe  
  13  0:13  Probe  
  14  0:17  Pylon  
  14  0:24  Probe  
  15  0:32  Probe  
  15  0:40  Probe  
  15  0:41  Gateway  
  16  0:46  Assimilator  
  17  0:51  Probe  
  18  1:03  Probe  
  19  1:15  Probe  
  20  1:26  Nexus  
  20  1:34  Cybernetics Core  
  20  1:37  Probe  
  21  1:43  Assimilator  
  21  1:49  Probe  
  21  1:52  Pylon  
  22  2:01  Probe  
  22  2:02  Adept  
  23  2:14  Stargate  
  25  2:15  Probe  
  26  2:23  Warp Gate  
  26  2:28  Adept, Probe  
  29  2:34  Probe  
  29  2:40  Probe  
  29  2:42  Probe  
  31  2:49  Phoenix  
  32  2:52  Probe x2  
  36  3:03  Oracle  
  36  3:04  Probe x2  
  38  3:16  Probe x2  
  38  3:19  Pylon  
  43  3:22  Assimilator  
  43  3:23  Assimilator  
  43  3:27  Gateway  
  43  3:31  Probe x2  
  45  3:43  Probe x2, Stargate  
  47  3:54  Phoenix, Pylon  
  47  3:55  Probe  
  50  3:56  Probe  
  51  4:03  Pylon  
  51  4:12  Probe x2  
  51  4:15  Phoenix  
  55  4:24  Phoenix, Probe x2  
  55  4:26  Zealot  
  55  4:27  Adept  
  61  4:34  Phoenix  
  63  4:40  Pylon  
  65  4:47  Phoenix  
  65  4:52  Phoenix  
  69  5:01  Nexus  
  69  5:05  Pylon  
  69  5:06  Phoenix  
  69  5:14  Phoenix  
  71  5:20  Probe x2  
  75  5:23  Shield Battery  
  75  5:32  Phoenix  
  77  5:39  Phoenix  
  77  5:40  Robotics Facility  
  79  5:44  Robotics Facility  
  79  5:51  Forge  
  79  5:54  Pylon  
  79  6:02  Probe x2  
  81  6:07  Pylon  
  81  6:08  Pylon  
  81  6:14  Probe x3  
  84  6:30  Probe x2  
  84  6:31  Probe  
  84  6:32  Protoss Ground Weapons Level 1  
  87  6:35  Observer x2  
  87  6:37  Photon Cannon  
  87  6:38  Probe  
  87  6:39  Probe x2  
  89  6:40  Assimilator  
  89  6:46  Assimilator  
  89  6:47  Probe x3  
  92  6:53  Sentry x2  
  99  6:56  Immortal x2  
  99  6:57  Probe x2  
  99  6:58  Probe  
  108  7:10  Probe x3  
  108  7:14  Twilight Council  
  108  7:15  Gateway  
  111  7:16  Gateway  
  111  7:22  Probe x3  
  114  7:35  Immortal, Gateway  
  114  7:36  Immortal, Gateway  
  122  7:37  Pylon  
  122  7:39  Pylon  
  122  7:41  Charge  
  122  7:45  Pylon  
  122  7:55  Templar Archives  
  122  8:03  Protoss Ground Weapons Level 2  
  122  8:08  Gateway  
  122  8:09  Gateway  
  122  8:12  Immortal  
  122  8:14  Pylon  
  122  8:16  Pylon  
  126  8:20  Immortal  
  126  8:22  Zealot x3  
  132  8:33  High Templar x2  
  140  8:34  Zealot  
  142  8:47  Pylon  
  142  8:49  Archon, Pylon  
  142  8:51  Pylon  
  142  8:52  Pylon  
  142  9:00  Zealot x4  
  134  9:06  Psionic Storm  
  121  9:10  Immortal, Zealot x3  
  121  9:11  Immortal, Zealot  
  123  9:30  Zealot x7  
  123  9:31  Zealot  
  137  9:38  Immortal  
  129  9:45  Immortal  
  131  10:00  Zealot x3  
  131  10:01  Zealot x5  
  147  10:14  Immortal  
  147  10:16  Nexus, Protoss Ground Weapons Level 3  
  147  10:19  Pylon  
  151  10:25  High Templar x6  
  151  10:26  Zealot x2  
  153  10:32  Archon  
  153  10:33  Immortal  
  135  10:44  Probe  
  135  10:45  Probe x2  
  138  10:50  Observer  
  138  10:56  Warp Prism  
  140  11:05  Probe x3  
  140  11:08  Zealot x5  
  140  11:09  Immortal  
  154  11:19  Observer  
  144  11:36  High Templar x4  
  144  11:37  High Templar x2, Zealot x2  
  160  11:41  Pylon  
  160  11:43  Immortal  
  160  11:46  Immortal  
  162  11:50  Archon x2  
  162  11:51  Archon  
  156  12:02  Zealot x2  
  157  12:13  Immortal  
  155  12:17  Zealot x6  
  155  12:18  Immortal  
  173  12:32  Zealot x2  
  167  12:42  Zealot  
  167  12:43  Zealot x5  
  178  12:58  Archon  
  164  13:01  Zealot  
  164  13:02  Zealot  
Tags
 
Add a new tag
Caveats
  • Supply blocks, unpowered buildings, or Contaminate may cause inaccurate times.
  • Supply counts are checked every 10 seconds.